 Dungeon Crawl Stone Soup version 0.21.0-22-g11d5b52 (webtiles) character file.

86776 Gorglomux the Severer (level 15, -3/136 HPs)
             Began as a Minotaur Wanderer on Jan 18, 2018.
             Was a High Priest of Trog.
             Slain by an orc warrior
             ... wielding a +0 short sword
              (6 damage)
             ... on level 2 of the Orcish Mines.
             The game lasted 00:17:58 (19799 turns).

Gorglomux the Severer (Minotaur Wanderer)          Turns: 19799, Time: 00:17:58

Health: -3/136     AC: 19    Str: 22    XL:     15   Next: 41%
Magic:  15/15      EV: 12    Int: 12    God:    Trog [*****.]
Gold:   734        SH:  2    Dex:  8    Spells: 16/16 levels left

rFire    . . .     SeeInvis .   t - +2 battleaxe (vamp)
rCold    . . .     Gourm    .   (shield currently unavailable)
rNeg     . . .     Faith    .   X - +0 chain mail
rPois    +         Spirit   .   C - +2 hat {MR+}
rElec    .         Reflect  +   H - +2 cloak
rCorr    .         Harm     .   (no gloves)
MR       ++++.                  w - +0 pair of boots
Stlth    ..........             V - +2 amulet of reflection
HPRegen  1.32/turn              y - +5 ring of slaying {=R}
MPRegen  0.14/turn              o - ring of poison resistance

@: lethally poisoned (-3 -> -5), regenerating, drained
A: retaliatory headbutt, horns 2
a: Berserk, Trog's Hand, Brothers in Arms, Burn Spellbooks, Renounce Religion


You were on level 2 of the Orcish Mines.
You worshipped Trog.
Trog was extremely pleased with you.
You were hungry.

You visited 4 branches of the dungeon, and saw 24 of its levels.

You collected 2206 gold pieces.
You spent 1472 gold pieces at shops.

Inventory:

Hand Weapons
 a - a +9 broad axe of freezing {god gift}
 b - a +2 demon whip of venom
 t - a +2 vampiric battleaxe (weapon)
Armour
 w - a +0 pair of boots (worn)
 C - a +2 hat of magic resistance (worn)
 E - a +1 shield of poison resistance
 H - a +2 cloak (worn)
 X - a +0 chain mail (worn)
Jewellery
 c - an uncursed ring of protection from cold
 m - an uncursed ring of protection from magic
 o - a ring of poison resistance (right hand)
 s - an uncursed ring of see invisible
 y - a +5 ring of slaying (left hand) {=R}
 V - a +2 amulet of reflection (around neck)
Wands
 A - a wand of acid (5)
 I - a wand of iceblast (35)
 O - a wand of clouds (13)
 S - a wand of scattershot (5)
Scrolls
 i - 8 scrolls of remove curse
 n - a scroll of fog
 v - 2 scrolls of immolation
 B - 2 scrolls of blinking
 D - 4 scrolls of fear
 G - 2 scrolls of enchant weapon
 M - a scroll of magic mapping
 R - 7 scrolls of identify
 T - 6 scrolls of teleportation
Potions
 l - a potion of resistance
 p - 3 potions of haste
 r - a potion of invisibility
 u - 4 potions of might
 z - 3 potions of agility
 F - 2 potions of mutation {!q}
 J - 6 potions of brilliance
 K - 3 potions of ambrosia
 L - 2 potions of lignification
 N - a potion of cancellation
 Q - 8 potions of curing
 W - a potion of heal wounds
 Z - 3 potions of flight
Books
 j - Ziqus's Early Guide to Spellweaving
   (You found it on level 14 of the Dungeon)

   Spells                             Type                      Level
   a - Throw Frost                    Conjuration/Ice              2
   b - Throw Flame                    Conjuration/Fire             2
   c - Slow                           Hexes                        2
   d - Passwall                       Transmutation/Earth          2
   e - Sticks to Snakes               Transmutation                2
   Trog disapproves of the use of such an item.
 x - a book of Clouds

   Spells                             Type                      Level
   a - Poisonous Vapours              Poison/Air                   2
   b - Mephitic Cloud                 Conjuration/Poison/Air       3
   c - Conjure Flame                  Conjuration/Fire             3
   d - Freezing Cloud                 Conjuration/Ice/Air          6
   e - Ring of Flames                 Charms/Fire                  7
   Trog disapproves of the use of such an item.
Miscellaneous
 q - a lightning rod (4/4)
 U - a box of beasts
Comestibles
 f - 44 rations
 Y - 12 chunks of flesh


   Skills:
 + Level 13.3(12.8) Fighting
 + Level 17.2(16.6) Axes
   Level 1.1(0.7) Crossbows
 + Level 13.2(12.7) Armour
 + Level 12.2(11.7) Dodging
 - Level 15.0(14.5) Shields
 - Level 1.0(0.6) Spellcasting
   Level 1.0(0.6) Summonings
   Level 2.4(2.0) Transmutations
 - Level 1.0(0.6) Evocations


You had 16 spell levels left.
You didn't know any spells.

Dungeon Overview and Level Annotations

Branches:
Dungeon (15/15)            Temple (1/1) D:5            Lair (6/6) D:8
  Swamp (0/4) Lair:3        Snake (0/4) Lair:2        Slime (0/5) Lair:5
    Orc (2/2) D:11         Vaults (0/5) D:13         Depths (0/5) D:15
    Elf: Orc:2

Altars:
Ashenzari
Cheibriados
Dithmenos
Elyvilon
Fedhas
Gozag
Hepliaklqana
Kikubaaqudgha
Makhleb
Nemelex Xobeh
Okawaru
Qazlal
Ru
Sif Muna
Trog
Uskayaw
Vehumet
Wu Jian
Xom
Yredelemnul
Zin
The Shining One
Jiyva

Shops:
D:6 *!=}   D:7 (   D:8 [   D:9 %   D:15 =   Orc:1 ?[*

Annotations:
D:8 exclusion: door
D:11 exclusion: ice statue
D:14 2 exclusions


Innate Abilities, Weirdness & Mutations

You reflexively headbutt those who attack you in melee.
You have a pair of horns on your head.


Message History

The orc priest miscasts a cantrip!
The orc warrior completely misses you!
You hear a shout!!! x2
You carve the orc knight like a ham!
You feel better!
The orc knight is moderately wounded!
You miss something!
You carve the orc warrior like a ham!!!!!!
You completely miss the orc warrior! Something hits you but does no damage!
The orc knight hits you with an enchanted great mace!!! * * * don't die
* * * The orc warlord roars a battlecry!!!
The orc warrior barely misses you!
The orc warrior hits you with a butt butt of venom!!!!!! * * * don't die
* * * You are poisoned!
Something barely misses you!
The orc wizard butts some strange words!
The orc wizard seems to speed up!
The orc warrior hits you with a short sword! rip ..o...... ...o... #.oooo# #.3o§.# #8.oo8# #ooooo#

#o)oo.# #@o.#
##..# #
##...#.#..
#.......#
#......##
####......#.
##..#.........
##.............
#..............


You could see an orc warlord, 3 orc knights, a soul eater, an orc high priest,
an orc sorcerer, 3 orc warriors, 2 orc priests, 3 orc wizards and 4 orcs.

Vanquished Creatures
  Gastronok (D:9)
  Kirke (Lair:4)
  Nessos (D:13)
  Snorg (Lair:6)
  2 rakshasas
  5 hydras
  6 centaur warriors
  11 two-headed ogres
  5 death yaks (Lair:5)
  2 tengu warriors
  A death knight (D:12)
  An ogre mage (D:15)
  Urug (D:13)
  An unseen horror (D:12)
  A glowing orange brain (D:15)
  A wizard (D:14)
  An orc knight (D:15)
  Pikel (D:4)
  The ghost of Dindles the Geomancer, a novice DDEE (D:7)
  A deep elf mage (D:12)
  An orc sorcerer (D:15)
  2 manticores
  A wolf spider (D:15)
  A cyclops (D:13)
  3 ugly things
  An elephant (shapeshifter) (D:15)
  6 black mambas
  Psyche (D:11)
  A torpor snail (Lair:4)
  12 spiny frogs
  A spiny frog (shapeshifter) (D:15)
  The ghost of Regeox the Cudgeler, a novice DsGl of Lugonu (D:6)
  A gargoyle (D:15)
  A rime drake (Lair:1)
  2 freezing wraiths (D:12)
  A kobold demonologist (D:14)
  6 komodo dragons
  The ghost of dobroeutro the Basher, a novice GrFi (D:4)
  7 hornets
  5 trolls
  7 polar bears
  27 blink frogs
  3 slime creatures (D:15)
  9 dream sheep (Lair:6)
  4 hippogriffs
  11 spriggans (Lair:6)
  4 wraiths
  4 wyverns
  17 humans
  3 basilisks
  44 yaks
  9 hogs
  A hungry ghost (D:12)
  8 vampire mosquitoes
  A warg (Orc:1)
  A harpy simulacrum (D:15)
  Edmund (D:4)
  An acid dragon (D:14)
  15 water moccasins
  13 porcupines
  18 orc warriors
  A sky beast (D:14)
  9 ice beasts
  A black bear (D:7)
  23 wolves
  16 centaurs
  3 phantoms
  3 boggarts (Lair:6)
  16 crocodiles
  13 ogres
  A big kobold (shapeshifter) (D:15)
  A big kobold (D:9)
  19 bullfrogs
  A wyvern zombie (D:6)
  A gnoll sergeant (D:13)
  A water moccasin zombie (D:5)
  6 scorpions
  11 killer bees
  An electric eel (Lair:2)
  16 wights
  A howler monkey (D:9)
  5 crimson imps
  3 bullfrog zombies
  3 centaur zombies
  13 hounds
  2 quasits
  3 jellies
  Crazy Yiuf (D:6)
  11 orc priests
  2 bullfrog skeletons
  14 orc wizards
  Jessica (D:2)
  7 iguanas
  11 worker ants
  2 hound skeletons
  2 worker ant zombies
  Robin (D:4)
  4 gnolls
  19 adders
  6 shadow imps
  An ooze (D:1)
  An adder zombie (D:5)
  A worm (D:3)
  A dart slug (D:2)
  5 leopard geckos
  62 orcs
  7 bats
  4 giant cockroaches
  13 goblins
  6 hobgoblins
  10 kobolds
  6 quokkas
  6 ball pythons
  7 frilled lizards
  8 rats
  2 bushes (Lair:6)
  3 fungi
  A plant (Lair:6)
699 creatures vanquished.

Vanquished Creatures (others)
  A vampire mosquito (D:13)
  A slave (D:4)
  An adder (D:4)
  12 fungi
  4 plants
19 creatures vanquished.

Grand Total: 718 creatures vanquished

Notes
Turn   | Place    | Note
-------+----------+-------------------------------------------
     0 | D:1      | Gorglomux the Minotaur Wanderer began the quest for the Orb.
     0 | D:1      | Gorglomux set off with: a +2 hand crossbow, 26 bolts, the Volume of Protection, Dutyhuph's Papyrus of Shape Shifting, a +0 robe, a ration
     0 | D:1      | Reached XP level 1. HP: 18/18 MP: 1/1
    58 | D:1      | Reached skill level 1 in Armour
    58 | D:1      | Reached XP level 2. HP: 25/25 MP: 2/2
    75 | D:1      | Reached skill level 1 in Dodging
   226 | D:1      | Reached skill level 3 in Fighting
   572 | D:1      | Reached XP level 3. HP: 31/31 MP: 3/3
   767 | D:2      | Found a shattered altar of Ashenzari.
   793 | D:2      | Found an ornate altar of the Wu Jian Council.
   957 | D:2      | Noticed Jessica
   962 | D:2      | Killed Jessica
   962 | D:2      | Reached XP level 4. HP: 35/38 MP: 4/4
  1409 | D:3      | Found a hazy altar of Hepliaklqana.
  1529 | D:3      | Found a bloodstained altar of Trog.
  1569 | D:3      | Became a worshipper of Trog the Wrathful
  2164 | D:4      | Noticed a slave
  2165 | D:4      | Noticed Pikel
  2165 | D:4      | Noticed a slave
  2166 | D:4      | Noticed a slave
  2166 | D:4      | Reached skill level 3 in Armour
  2166 | D:4      | Reached XP level 5. HP: 46/46 MP: 5/5
  2179 | D:4      | Reached skill level 3 in Dodging
  2181 | D:4      | Noticed a slave
  2181 | D:4      | Killed Pikel
  2181 | D:4      | Reached XP level 6. HP: 52/57 MP: 6/6
  2181 | D:4      | Reached XP level 7. HP: 57/62 MP: 7/7
  2237 | D:4      | Found a white marble altar of Elyvilon.
  2367 | D:4      | Reached skill level 6 in Fighting
  2367 | D:4      | Reached skill level 1 in Axes
  2577 | D:4      | Noticed dobroeutro's ghost (novice GrFi)
  2594 | D:4      | Reached * piety under Trog
  2600 | D:4      | Killed dobroeutro's ghost
  2600 | D:4      | Reached skill level 4 in Axes
  2897 | D:4      | Noticed Edmund
  2913 | D:4      | Killed Edmund
  2976 | D:4      | Found a hide-covered altar of Uskayaw.
  2981 | D:4      | Noticed Robin
  2993 | D:4      | Reached skill level 5 in Axes
  2994 | D:4      | Killed Robin
  2994 | D:4      | Reached XP level 8. HP: 70/70 MP: 8/8
  3160 | D:5      | Entered Level 5 of the Dungeon
  3205 | D:5      | Reached skill level 6 in Axes
  3274 | D:5      | Found a staircase to the Ecumenical Temple.
  3275 | D:5      | Found a snail-covered altar of Cheibriados.
  3295 | D:5      | Got a slimy rapier
  3296 | D:5      | Identified the cursed +0 rapier of Obsession {pierce, rF+} (You found it on level 5 of the Dungeon)
  3357 | D:5      | Reached skill level 7 in Axes
  3367 | D:5      | Reached ** piety under Trog
  3416 | D:5      | Reached skill level 8 in Axes
  3747 | Temple   | Entered the Ecumenical Temple
  3842 | D:6      | Reached skill level 9 in Axes
  4365 | D:6      | Found Sotwyc's Gadget Shop.
  4465 | D:6      | Found Qier's Assorted Antiques.
  4483 | D:6      | Bought a scroll labeled WUOLIFIUTA for 28 gold pieces
  4483 | D:6      | Bought an emerald potion for 25 gold pieces
  4483 | D:6      | Bought a runed shield for 210 gold pieces
  4483 | D:6      | Bought a tubular bronze ring for 140 gold pieces
  4483 | D:6      | Bought a murky puce potion for 25 gold pieces
  4507 | D:6      | Found Gafesh's Distillery.
  4551 | D:6      | Reached XP level 9. HP: 55/75 MP: 9/9
  4610 | D:6      | Reached skill level 10 in Axes
  4758 | D:6      | Reached skill level 3 in Shields
  4931 | D:6      | Noticed Regeox's ghost (novice DsGl)
  4955 | D:6      | Killed Regeox's ghost
  5191 | D:6      | Found a runed door.
  5266 | D:6      | Found a burning altar of Makhleb.
  5300 | D:6      | Found Saeto's Jewellery Shoppe.
  5423 | D:6      | Noticed Crazy Yiuf
  5429 | D:6      | Killed Crazy Yiuf
  5490 | D:7      | Found Kuodghem's Weapon Shop.
  5615 | D:7      | Reached skill level 11 in Axes
  5777 | D:7      | Reached skill level 6 in Shields
  5877 | D:7      | Found a blossoming altar of Fedhas.
  5976 | D:7      | Noticed Dindles's ghost (novice DDEE)
  6001 | D:7      | Killed Dindles's ghost
  6152 | D:7      | Found an iron altar of Okawaru.
  6152 | D:7      | Found a basalt altar of Yredelemnul.
  6154 | D:7      | Found an opulent altar of Gozag.
  6154 | D:7      | Found a radiant altar of Vehumet.
  6391 | D:7      | Reached XP level 10. HP: 83/83 MP: 10/10
  6396 | D:7      | Reached skill level 12 in Axes
  6645 | D:8      | Found Qaxadodd's Antique Armour Emporium.
  6715 | D:8      | Reached *** piety under Trog
  6935 | D:8      | Found a deep blue altar of Sif Muna.
  7011 | D:8      | Reached skill level 9 in Shields
  7112 | D:8      | Found a staircase to the Lair.
  7205 | D:9      | Found an opulent altar of Gozag.
  7299 | D:9      | Found Evaatunaff's Food Emporium.
  7315 | D:9      | Noticed a red ugly thing
  7321 | D:9      | Reached skill level 13 in Axes
  7333 | D:9      | Killed a red ugly thing
  7662 | D:9      | Found a shimmering altar of Xom.
  7804 | D:9      | Reached **** piety under Trog
  8247 | D:9      | Noticed Gastronok
  8466 | D:9      | Killed Gastronok
  8466 | D:9      | Reached skill level 14 in Axes
  8466 | D:9      | Reached XP level 11. HP: 89/89 MP: 11/11
  8586 | D:10     | Entered Level 10 of the Dungeon
  8593 | D:10     | Noticed a two-headed ogre
  8604 | D:10     | Killed a two-headed ogre
  8945 | D:10     | Received a gift from Trog
  9224 | D:11     | Noticed Psyche
  9234 | D:11     | Killed Psyche
  9234 | D:11     | Reached skill level 12 in Shields
  9256 | D:11     | Found a staircase to the Orcish Mines.
  9259 | D:11     | Noticed a four-headed hydra
  9266 | D:11     | Killed a four-headed hydra
  9415 | D:11     | Reached skill level 15 in Axes
  9521 | D:11     | Noticed a two-headed ogre
  9530 | D:11     | Killed a two-headed ogre
  9629 | D:11     | Noticed a red ugly thing
  9639 | D:11     | Killed a red ugly thing
  9996 | Lair:1   | Entered Level 1 of the Lair of Beasts
 10004 | Lair:1   | Reached XP level 12. HP: 96/96 MP: 12/12
 10248 | Lair:1   | Reached skill level 16 in Axes
 10264 | Lair:1   | Received a gift from Trog
 10953 | Lair:2   | Reached ***** piety under Trog
 11202 | Lair:2   | Found a staircase to the Snake Pit.
 11216 | Lair:2   | Received a gift from Trog
 12554 | Lair:3   | Reached skill level 15 in Shields
 12593 | Lair:3   | Found a staircase to the Swamp.
 12811 | Lair:3   | Noticed a six-headed hydra
 12817 | Lair:3   | Killed a six-headed hydra
 12817 | Lair:3   | Reached skill level 6 in Armour
 13047 | Lair:4   | Reached skill level 6 in Dodging
 13168 | Lair:4   | Reached XP level 13. HP: 58/105 MP: 13/13
 13403 | Lair:4   | Noticed Kirke
 13416 | Lair:4   | Killed Kirke
 13892 | Lair:5   | Reached skill level 9 in Fighting
 14158 | Lair:5   | Reached skill level 9 in Armour
 14249 | Lair:5   | Received a gift from Trog
 14391 | Lair:5   | Found a viscous altar of Jiyva.
 14391 | Lair:5   | Found a staircase to the Slime Pits.
 14721 | Lair:6   | Entered Level 6 of the Lair of Beasts
 14756 | Lair:6   | Noticed Snorg
 14802 | Lair:6   | HP: 2/113 [yak (22)]
 14811 | Lair:6   | Reached skill level 9 in Dodging
 14823 | Lair:6   | Received a gift from Trog
 14961 | Lair:6   | Identified a scroll of acquirement
 15092 | Lair:6   | Reached XP level 14. HP: 112/122 MP: 14/14
 15627 | Lair:6   | Killed Snorg
 16346 | D:12     | Received a gift from Trog
 16735 | D:13     | Found a gate to the Vaults.
 16735 | D:13     | Noticed Urug
 16735 | D:13     | Noticed Nessos
 16740 | D:13     | Reached skill level 12 in Fighting
 16749 | D:13     | Killed Urug
 16749 | D:13     | Reached skill level 12 in Armour
 16757 | D:13     | Killed Nessos
 17213 | D:13     | Received a gift from Trog
 17728 | D:14     | Paralysed by a hornet for 2 turns
 17737 | D:14     | Identified Ziqus's Early Guide to Spellweaving
 17858 | D:14     | Reached XP level 15. HP: 110/134 MP: 15/15
 18376 | D:14     | Found a glowing golden altar of the Shining One.
 18591 | D:15     | Entered Level 15 of the Dungeon
 18622 | D:15     | Found Zicyhoos's Jewellery Emporium.
 18625 | D:15     | Bought an uncursed ring of poison resistance for 300 gold pieces
 18856 | D:15     | Received a gift from Trog
 18887 | D:15     | Reached skill level 17 in Axes
 18889 | D:15     | Reached skill level 12 in Dodging
 19249 | D:15     | Found a staircase to the Depths.
 19448 | Orc:1    | Entered Level 1 of the Orcish Mines
 19451 | Orc:1    | Found Xust's Magic Scroll Shoppe.
 19452 | Orc:1    | Found Juehuxon's Armour Shop.
 19511 | Orc:1    | Bought a scroll of enchant weapon for 105 gold pieces
 19511 | Orc:1    | Bought a scroll of teleportation for 42 gold pieces
 19511 | Orc:1    | Bought a scroll of blinking for 105 gold pieces
 19511 | Orc:1    | Bought a scroll of teleportation for 42 gold pieces
 19511 | Orc:1    | Bought 3 scrolls of identify for 84 gold pieces
 19511 | Orc:1    | Bought a scroll of teleportation for 42 gold pieces
 19589 | Orc:1    | Found Damp's Assorted Antiques.
 19597 | Orc:1    | Bought a scroll of teleportation for 108 gold pieces
 19597 | Orc:1    | Bought a scroll of teleportation for 108 gold pieces
 19597 | Orc:1    | Bought a potion of curing for 108 gold pieces
 19724 | Orc:2    | Entered Level 2 of the Orcish Mines
 19794 | Orc:2    | Noticed an orc warlord
 19799 | Orc:2    | HP: 3/136 [orc warrior/war axe of venom[an orc warlord] (22)]
 19799 | Orc:2    | Slain by an orc warrior

Skill      XL: |  1  2  3  4  5  6  7  8  9 10 11 12 13 14 15 |
---------------+----------------------------------------------+-----
Armour         | 1 2 3 5 6 10 12 13 | 13.2
Dodging        | 1 2 4 6 9 11 12 | 12.2
Fighting       | 3 4 5 6 7 10 12 13 | 13.3
Axes           | 5 9 11 14 15 16 17 | 17.2
Shields        | 7 11 13 15 | 15.0
Crossbows      | |  1.1
Spellcasting   | |  1.0
Summonings     | |  1.0
Transmutations | |  2.4
Evocations     | |  1.0

Action                   |  1- 3 |  4- 6 |  7- 9 | 10-12 | 13-15 || total
-------------------------+-------+-------+-------+-------+-------++-------
Melee: War axe           |       |       |   176 |       |       ||   176
       Headbutt          |       |       |    44 |   121 |   128 ||   293
       Hand axe          |       |       |   126 |   500 |       ||   626
       Demon whip        |       |       |       |    52 |    25 ||    77
       Broad axe         |       |       |       |    94 |   352 ||   446
       Battleaxe         |       |       |       |       |   348 ||   348
 Fire: Hand crossbow     |    58 |    57 |    45 |       |       ||   160
Invok: Burn Spellbooks   |       |     1 |     1 |     2 |     2 ||     6
       Berserk           |       |       |     5 |     2 |     3 ||    10
       Trog's Hand       |       |       |       |     1 |    11 ||    12
       Brothers in Arms  |       |       |       |       |     2 ||     2
Evoke: Wand              |       |       |       |       |     2 ||     2
  Use: Scroll            |       |     2 |     4 |    17 |    19 ||    42
       Potion            |       |       |     1 |       |     2 ||     3
  Eat: Chunk             |       |     3 |    18 |    21 |    27 ||    69
       Ration            |       |       |       |     1 |     2 ||     3
Armor: Robe              |     2 |     2 |       |       |       ||     4
       Chain mail        |       |     6 |   174 |   165 |   259 ||   604
Dodge: Dodged            |     6 |    24 |   111 |   104 |   303 ||   548
Block: Shield            |       |       |    58 |   302 |   270 ||   630
       Reflection        |       |       |     4 |    14 |     6 ||    24
       Other             |       |       |       |       |    11 ||    11
